cohdb
Replays
Latest Replays
All Replays
Popular Replays
Top Player Replays
Match Explorer
How It Works
Community
CoH3 Stats
Reddit
Sign in to upload your games and track your stats! →
Sign in with Steam
Match 41003193
Unlisted
Match 41003193
Overview
Messages
Build Orders
End
Construct Infanterie Kompanie
MG 42 Machine Gun Team
MG 42 Machine Gun Team
Selects Terror Battlegroup
Selects Machine Gun Camouflage
GrW 34 Mortar Team
Construct Panzergrenadier Kompanie
251 Medium Carrier
Panzergrenadier Squad
Pak 40 Anti-tank Gun Team
Panzergrenadier Squad
Selects Interrogate
Support Elements
Nebelwerfer 42 Rocket Launcher Team
Nebelwerfer 42 Rocket Launcher Team
Medical Station
Selects Defend the Fatherland
Selects Defend the Fatherland
Panzergrenadier Squad
Panzergrenadier Squad
Selects Defend the Fatherland
Construct Panzer Kompanie
Construct Panzer Kompanie
AI Takeover
カルト_くん
Grimauldus
NiñoPozol
Kalof
Herr Heinler
[MM] Mircin
B4R1SH
Noch
0
0
Comments
sign in to comment!
No comments posted yet!